 Dungeon Crawl Stone Soup version 0.21.1-1-g345015fe64 (webtiles) character file.

36679 Jannitor the Protected (level 14, -18/99 HPs)
             Began as a Halfling Berserker on June 5, 2018.
             Was a High Priest of Trog.
             Demolished by an orc warlord
             ... wielding a +3 battleaxe of flaming
              (27 damage)
             ... on level 1 of the Orcish Mines.
             The game lasted 00:41:53 (21495 turns).

Jannitor the Protected (Halfling Berserker)        Turns: 21495, Time: 00:41:55

Health: -18/99     AC: 17    Str: 22    XL:     14   Next: 25%
Magic:  20/20      EV: 11    Int: -1 (5) God:    Trog [*****.]
Gold:   545        SH: 11    Dex: 15    Spells: 13/13 levels left

rFire    + . .     SeeInvis .   y - +0 flail
rCold    + . .     Gourm    .   M - +0 shield {rC+ rF+}
rNeg     . . .     Faith    .   W - +2 plate armour {rPois}
rPois    +         Spirit   .   r - +0 helmet
rElec    .         Reflect  .   (no cloak)
rCorr    +         Harm     .   (no gloves)
MR       ++++.                  (no boots)
Stlth    ..........             A - amulet of regeneration
HPRegen  1.66/turn              n - ring of resist corrosion
MPRegen  0.17/turn              T - ring of protection from magic

@: regenerating, slowed, lost intelligence, heavily drained, very slow
A: small, mutation resistance 1
a: Berserk, Trog's Hand, Brothers in Arms, Burn Spellbooks, Renounce Religion


You were on level 1 of the Orcish Mines.
You worshipped Trog.
Trog was extremely pleased with you.
You were not hungry.

You visited 3 branches of the dungeon, and saw 20 of its levels.

You collected 1614 gold pieces.
You spent 1069 gold pieces at shops.

Inventory:

Hand Weapons
 y - a +0 flail (weapon)
 H - a +1 antimagic mace
Armour
 m - a +0 buckler
 r - a +0 helmet (worn)
 u - a +1 ring mail of poison resistance
 M - a +0 shield of resistance (worn)
 V - the +3 ring mail "Tedewn" {rElec SInv}
   (You found it on level 4 of the Lair of Beasts)

   It insulates you from electricity.
   It lets you see invisible.
 W - a +2 plate armour of poison resistance (worn)
Jewellery
 b - an uncursed ring of protection from magic
 n - a ring of resist corrosion (left hand)
 p - an uncursed ring of poison resistance
 q - an uncursed amulet of the gourmand {unknown}
 t - a +5 ring of intelligence
 A - an amulet of regeneration (around neck)
 I - an uncursed ring of ice
 L - an uncursed ring of magical power
 P - a +5 ring of intelligence
 T - a ring of protection from magic (right hand)
Wands
 x - a wand of flame (118)
 z - a wand of acid (1)
 E - a wand of paralysis (22)
 J - a wand of iceblast (9)
 N - a wand of enslavement (12)
Scrolls
 a - a scroll of random uselessness {unknown}
 d - 16 scrolls of remove curse
 e - 2 scrolls of fear
 f - 7 scrolls of enchant weapon
 k - 5 scrolls of teleportation
 K - a scroll of blinking
 Q - 2 scrolls of magic mapping
 R - 2 scrolls of vulnerability
Potions
 g - 2 potions of lignification
 h - 4 potions of might
 j - 6 potions of curing
 l - 2 potions of haste
 o - 3 potions of resistance
 s - 2 potions of agility
 v - 2 potions of magic
 w - 4 potions of flight
 B - 2 potions of berserk rage
 C - a potion of invisibility
 D - 2 potions of cancellation
 F - a potion of ambrosia
Books
 S - a book of Enchantments

   Spells                             Type                      Level
   a - Cause Fear                     Hexes                        4
   b - Yara's Violent Unravelling     Hexes/Transmutation          5
   c - Silence                        Hexes/Air                    5
   d - Deflect Missiles               Charms/Air                   6
   e - Discord                        Hexes                        8
   Trog disapproves of the use of such an item.
 U - a book of Cantrips

   Spells                             Type                      Level
   a - Confusing Touch                Hexes                        1
   b - Animate Skeleton               Necromancy                   1
   c - Summon Small Mammal            Summoning                    1
   d - Apportation                    Translocation                1
   Trog disapproves of the use of such an item.
Comestibles
 c - 30 rations
 G - 4 chunks of flesh


   Skills:
 + Level 10.2(8.4) Fighting
 + Level 11.2(9.4) Maces & Flails
 + Level 11.6(9.8) Armour
 - Level 10.1(8.4) Dodging
 + Level 6.9(5.3) Shields
 - Level 8.8(7.2) Evocations


You had 13 spell levels left.
You didn't know any spells.

Dungeon Overview and Level Annotations

Branches:
Dungeon (12/15)            Temple (0/1) D:6            Lair (6/6) D:10
 Shoals (0/4) Lair:2       Spider (0/4) Lair:2          Orc (2/2) D:12
    Elf (0/3) Orc:2
  Slime: Lair:5-6

Altars:
Ashenzari
Dithmenos
Elyvilon
Hepliaklqana
Kikubaaqudgha
Makhleb
Nemelex Xobeh
Okawaru
Trog
Uskayaw
Vehumet
Wu Jian
Yredelemnul
Zin
The Shining One
Beogh

Shops:
D:4 *   Orc:1 [

Annotations:
D:4 1 runed door
Lair:4 ant vault


Innate Abilities, Weirdness & Mutations

You are small and have problems with some larger weapons.
You are somewhat resistant to further mutation.


Message History

You feel much better. The orc sorcerer casts a spell at you.
The bolt of fire hits you! You resist.
* * * LOW HITPOINT WARNING * * *
You block the orc warlord's attack. The smoke demon closely misses you. x2
The smoke demon hits you but does no damage.
The white imp grinds its teeth.
The neqoxec barely misses you.
Put on which piece of jewellery? (? for menu, Esc to quit)
Okay, then.
Unknown command.
Unknown command.
Unknown command.
You almost manage to decipher the scroll, but fail in this attempt.
The orc sorcerer hits you with a dagger.
* * * LOW HITPOINT WARNING * * *
The smoke demon barely misses you. The smoke demon completely misses you.
You block the smoke demon's attack.
The orc warlord hits you with a battleaxe of flaming!!
You die...

#..........#.....
#...#......#....
#.....#.......#
##............#
##..$........^
##o.......#..
#555.........
##3o)......#.
###@o).#...##
##.).3.###.##
#.)..### ##
##$### ###


You could see an orc warlord, a smoke demon, a neqoxec, an orc sorcerer, 2 iron
imps, an orc wizard and a white imp.

Vanquished Creatures
  The ghost of zorgos the Protected, a journeyman MiFi (D:12)
  Harold (Lair:1)
  3 hydras
  Erica (Orc:2)
  A two-headed ogre (D:10)
  An orb spider (Lair:2)
  Pikel (D:4)
  2 orc sorcerers
  An ugly thing (D:12)
  A manticore (Lair:2)
  2 black mambas
  A centaur zombie (D:12)
  The ghost of FluffierThanThou the Chopper, a novice MiFi (D:6)
  Psyche (D:12)
  2 centaur skeletons
  A torpor snail (Lair:4)
  A molten gargoyle (Lair:4)
  2 spiny frogs (Lair:1)
  A rime drake (Lair:4)
  12 komodo dragons
  4 trolls
  A hornet (Lair:6)
  Grinder (D:4)
  3 blink frogs
  7 hippogriffs
  2 spriggans
  A fire elemental (Lair:4)
  44 yaks
  5 wyverns
  A steam dragon (D:11)
  5 basilisks
  2 hungry ghosts
  Menkaure (D:5)
  2 wargs
  20 orc warriors
  13 water moccasins
  4 porcupines
  A slave (D:4)
  4 ice beasts
  2 black bears
  3 phantoms
  4 sky beasts
  An eye of draining (D:9)
  8 wolves
  4 centaurs
  2 ogres
  5 crocodiles
  Blork the orc (D:4)
  A big kobold (D:12)
  10 bullfrogs
  A gnoll sergeant (D:10)
  3 scorpions
  15 killer bees
  4 wights (D:11)
  3 vampire bats (Lair:2)
  3 howler monkeys (D:7)
  2 electric eels (D:9)
  3 crimson imps
  2 hounds
  A bullfrog zombie (D:12)
  4 jellies
  16 orc priests
  13 orc wizards
  3 bullfrog skeletons
  Ijyb (D:3)
  2 iguanas
  6 worker ants
  2 hound skeletons
  Robin (D:3)
  5 gnolls (D:10)
  A howler monkey skeleton (D:8)
  9 adders
  3 shadow imps
  An ooze (D:2)
  An adder skeleton (D:9)
  6 worms
  2 dart slugs (D:3)
  4 leopard geckos
  73 orcs
  8 bats
  5 giant cockroaches
  13 goblins
  16 hobgoblins
  15 jackals
  7 quokkas
  6 frilled lizards
  15 kobolds
  A leopard gecko skeleton (D:4)
  5 rats
  A fungus (Lair:1)
481 creatures vanquished.

Vanquished Creatures (collateral kills)
  Erolcha (Orc:1)
  A basilisk (Lair:4)
  2 orc warriors (Orc:1)
  An orc priest (Orc:1)
  An orc wizard (Orc:1)
  4 orcs (Orc:1)
10 creatures vanquished.

Vanquished Creatures (others)
  An orc warrior (Orc:1)
  2 orcs (Orc:1)
  6 fungi
  5 plants
14 creatures vanquished.

Grand Total: 505 creatures vanquished

Notes
Turn   | Place    | Note
-------+----------+-------------------------------------------
     0 | D:1      | Jannitor the Halfling Berserker began the quest for the Orb.
     0 | D:1      | Reached XP level 1. HP: 15/15 MP: 1/1
   347 | D:1      | Reached XP level 2. HP: 20/20 MP: 2/2
   528 | D:1      | Reached XP level 3. HP: 25/25 MP: 3/3
   699 | D:1      | Reached ** piety under Trog
   999 | D:2      | Found a shattered altar of Ashenzari.
  1255 | D:2      | Reached XP level 4. HP: 29/31 MP: 4/4
  1454 | D:2      | Found a sparkling altar of Nemelex Xobeh.
  1741 | D:2      | Reached XP level 5. HP: 18/36 MP: 5/5
  1894 | D:3      | Found a hide-covered altar of Uskayaw.
  1962 | D:3      | Found a faded altar of an unknown god.
  2054 | D:3      | Reached *** piety under Trog
  2086 | D:3      | Noticed Ijyb
  2098 | D:3      | Killed Ijyb
  2155 | D:3      | Noticed Robin
  2342 | D:3      | Killed Robin
  2342 | D:3      | Reached XP level 6. HP: 43/43 MP: 6/6
  2662 | D:4      | Noticed Grinder
  2677 | D:4      | Killed Grinder
  2677 | D:4      | Reached skill level 5 in Maces & Flails
  2677 | D:4      | Reached XP level 7. HP: 7/48 MP: 7/7
  3673 | D:4      | Noticed Pikel
  3691 | D:4      | Killed Pikel
  3691 | D:4      | Reached skill level 5 in Armour
  3691 | D:4      | Reached XP level 8. HP: 49/54 MP: 8/8
  3724 | D:4      | Found a runed door.
  3850 | D:4      | Noticed Blork the orc
  3864 | D:4      | Killed Blork the orc
  3864 | D:4      | Reached skill level 5 in Fighting
  3907 | D:4      | Found Fianui Vyler's General Store.
  3920 | D:4      | Bought a scroll of teleportation for 42 gold pieces
  4457 | D:5      | Entered Level 5 of the Dungeon
  4877 | D:5      | Found a glowing golden altar of the Shining One.
  5089 | D:5      | Found a radiant altar of Vehumet.
  5324 | D:5      | Found a glowing silver altar of Zin.
  5359 | D:6      | Noticed FluffierThanThou's ghost (novice MiFi)
  5360 | D:6      | Noticed Menkaure
  5540 | D:5      | Killed Menkaure
  5540 | D:5      | Reached skill level 1 in Shields
  5602 | D:6      | Killed FluffierThanThou's ghost
  5602 | D:6      | Reached XP level 9. HP: 33/61 MP: 9/9
  5810 | D:6      | Found a burning altar of Makhleb.
  5878 | D:6      | Found a radiant altar of Vehumet.
  5881 | D:6      | Found a hazy altar of Hepliaklqana.
  5882 | D:6      | Found a bloodstained altar of Trog.
  5882 | D:6      | Found a shadowy altar of Dithmenos.
  5884 | D:6      | Found an ancient bone altar of Kikubaaqudgha.
  5891 | D:6      | Found an ornate altar of the Wu Jian Council.
  5892 | D:6      | Found a basalt altar of Yredelemnul.
  6382 | D:6      | Reached skill level 1 in Evocations
  6757 | D:6      | Found a staircase to the Ecumenical Temple.
  6888 | D:7      | Found a white marble altar of Elyvilon.
  7119 | D:7      | Found a sparkling altar of Nemelex Xobeh.
  7214 | D:7      | Reached **** piety under Trog
  7465 | D:7      | Reached XP level 10. HP: 41/68 MP: 11/11
  9058 | D:8      | Noticed a five-headed hydra
  9071 | D:8      | Killed a five-headed hydra
  9071 | D:8      | Reached skill level 5 in Dodging
  9668 | D:9      | Reached skill level 5 in Shields
 10014 | D:9      | Reached XP level 11. HP: 74/74 MP: 14/14
 10334 | D:10     | Entered Level 10 of the Dungeon
 10872 | D:10     | Found an iron altar of Okawaru.
 10918 | D:10     | Found a staircase to the Lair.
 10996 | D:10     | Noticed a two-headed ogre
 11004 | D:10     | Killed a two-headed ogre
 11004 | D:10     | Reached skill level 5 in Evocations
 12333 | D:11     | Reached ***** piety under Trog
 12550 | D:11     | Reached XP level 12. HP: 80/82 MP: 16/16
 12979 | Lair:1   | Entered Level 1 of the Lair of Beasts
 12979 | Lair:1   | Noticed a six-headed hydra
 13178 | Lair:1   | Killed a six-headed hydra
 13477 | Lair:1   | Noticed Harold
 13490 | Lair:1   | Killed Harold
 14099 | Lair:1   | Received a gift from Trog
 14120 | Lair:1   | Reached skill level 10 in Armour
 14134 | Lair:1   | Reached skill level 10 in Maces & Flails
 14666 | Lair:2   | Noticed a five-headed hydra
 14728 | Lair:2   | Killed a five-headed hydra
 14728 | Lair:2   | Reached XP level 13. HP: 90/90 MP: 18/18
 15018 | Lair:2   | Found a staircase to the Shoals.
 15326 | Lair:2   | Found a hole to the Spider Nest.
 16135 | Lair:3   | Found a hazy altar of Hepliaklqana.
 16790 | Lair:4   | Got an aquamarine-encrusted ring mail
 16801 | Lair:4   | Identified the +3 ring mail "Tedewn" {rElec SInv} (You found it on level 4 of the Lair of Beasts)
 18849 | Lair:6   | Entered Level 6 of the Lair of Beasts
 19547 | D:12     | Found a staircase to the Orcish Mines.
 19548 | D:12     | Noticed Psyche
 19559 | D:12     | Killed Psyche
 19658 | D:12     | Noticed zorgos's ghost (journeyman MiFi)
 19979 | D:12     | Reached skill level 10 in Dodging
 20313 | D:12     | Reached XP level 14. HP: 70/98 MP: 20/20
 20559 | D:12     | Killed zorgos's ghost
 20703 | Orc:1    | Entered Level 1 of the Orcish Mines
 20751 | Orc:1    | Reached skill level 10 in Fighting
 20785 | Orc:1    | Found Wiphoxt's Armour Emporium.
 20817 | Orc:1    | Bought a +0 shield of resistance for 472 gold pieces
 20827 | Orc:1    | Bought a +2 plate armour of poison resistance for 555 gold pieces
 21057 | Orc:2    | Entered Level 2 of the Orcish Mines
 21076 | Orc:2    | Found a roughly hewn altar of Beogh.
 21251 | Orc:2    | Found a staircase to the Elven Halls.
 21378 | Orc:1    | Noticed Erica
 21384 | Orc:2    | Killed Erica
 21401 | Orc:1    | Noticed Erolcha
 21451 | Orc:1    | Killed Erolcha
 21471 | Orc:1    | Noticed an orc warlord
 21484 | Orc:1    | Lost intelligence.
 21495 | Orc:1    | Demolished by an orc warlord

Skill      XL: |  1  2  3  4  5  6  7  8  9 10 11 12 13 14 |
---------------+-------------------------------------------+-----
Maces & Flails | 3 4 5 6 7 8 9 10 11 | 11.2
Fighting       | 3 4 5 6 7 8 9 10 | 10.2
Armour         | 3 4 5 6 8 9 10 11 | 11.6
Shields        | 2 3 5 6 |  6.9
Dodging        | 3 4 5 7 8 10 | 10.1
Evocations     | 2 4 5 7 8 |  8.8

Action                   |  1- 3 |  4- 6 |  7- 9 | 10-12 | 13-15 || total
-------------------------+-------+-------+-------+-------+-------++-------
Melee: Mace              |   102 |   178 |   117 |       |       ||   397
       Flail             |       |       |   234 |  1151 |  1067 ||  2452
Invok: Berserk           |     1 |     5 |     8 |    25 |    15 ||    54
       Trog's Hand       |       |     1 |     3 |    14 |    11 ||    29
       Burn Spellbooks   |       |       |       |       |     2 ||     2
       Brothers in Arms  |       |       |       |       |     1 ||     1
Evoke: Wand              |       |     1 |     3 |    23 |    17 ||    44
  Use: Scroll            |       |     4 |    12 |    13 |     9 ||    38
       Potion            |       |       |       |     1 |     3 ||     4
 Stab: Paralysed         |       |       |       |       |     4 ||     4
  Eat: Chunk             |     2 |     5 |    10 |    47 |    39 ||   103
       Ration            |       |     1 |     4 |     3 |     1 ||     9
Armor: Animal skin       |     2 |       |       |       |       ||     2
       Ring mail         |    29 |    72 |    85 |   112 |   124 ||   422
       Plate armour      |       |       |       |   166 |   181 ||   347
Dodge: Dodged            |    84 |   169 |   161 |   668 |   743 ||  1825
Block: Buckler           |       |       |    51 |   272 |   288 ||   611
       Shield            |       |       |       |       |   100 ||   100
